 Dungeon Crawl Stone Soup version 0.31-a0-236-g9a0961fb85 (webtiles) character file.

Game seed: 17495548568983504779

108 qw the Shooter (level 4, -3/36 HPs)
             Began as a Minotaur Hexslinger on July 10, 2023.
             Slain by Sigmund
             ... wielding a +0 scythe
              (8 damage)
             ... on level 2 of the Dungeon.
             The game lasted 00:00:33 (1043 turns).

qw the Shooter (Minotaur Hexslinger)                Turns: 1043, Time: 00:00:33

Health: -3/36      AC:  5    Str: 12    XL:     4   Next: 58%
Magic:  4/4        EV: 12    Int: 10    God:
Gold:   93         SH:  0    Dex: 15    Spells: 4/5 levels left

rFire   . . .        Y - +1 sling
rCold   . . .        (no shield)
rNeg    + . .        m - +2 robe {rN+}
rPois   .            (helmet restricted)
rElec   .            (no cloak)
rCorr   .            j - +0 pair of gloves
SInv    .            (no boots)
Will    .....        (no amulet)
Stlth   +            (no ring)
HPRegen 0.26/turn    (no ring)
MPRegen 0.09/turn

%: no passive effects
@: no status effects
A: horns 2, retaliatory headbutt
a: no special abilities


You were on level 2 of the Dungeon.
You visited 1 branch of the dungeon, and saw 2 of its levels.

You collected 93 gold pieces.


Innate Abilities, Weirdness & Mutations

You have a pair of horns on your head.
You reflexively headbutt those who attack you in melee.


   Skills:
 + Level 2.0 Fighting
 - Level 5.1 Ranged Weapons
 - Level 2.1 Dodging
 - Level 1.0 Spellcasting
 - Level 2.0 Hexes


You had 4 spell levels left.
You knew the following spells:

 Your Spells              Type           Power      Damage    Failure   Level
a - Slow                  Hex            16%        N/A       16%         1

Your spell library contained the following spells:

 Spells                   Type           Power      Damage    Failure   Level
 Inner Flame              Hex/Fire       2%         N/A       56%         3
 Portal Projectile        Hex/Tloc       4%         N/A       56%         3
 Cause Fear               Hex            2%         N/A       83%         4

Inventory:

Hand Weapons
 Y - a +1 sling (weapon)
Armour
 j - a +0 pair of gloves (worn)
 m - a +2 robe of positive energy (worn)
Jewellery
 b - a ring of wizardry
Scrolls
 a - 2 scrolls of identify
 c - a scroll of fear {unknown}
Potions
 g - a potion of lignification {unknown}
 h - a potion of ambrosia {unknown}
 n - 3 potions of heal wounds

Dungeon Overview and Level Annotations

Branches:
Dungeon (2/15)

Altars:

Annotations:
D:2 Natasha, Sigmund


Message History

The magic dart hits you.
You shoot a sling bullet. The sling bullet hits Sigmund.
Sigmund is heavily wounded.
Sigmund hits you from afar with a +0 scythe!
You shoot a sling bullet.
The sling bullet closely misses Sigmund.
Sigmund hits you from afar with a +0 scythe!
Natasha, Servant of Life and Death comes into view.
You shoot a sling bullet.
Natasha hisses angrily.
The sling bullet hits Sigmund.
Sigmund is severely wounded.
Sigmund points at you and mumbles some strange words.
You resist with some effort. Sigmund hits you but does no damage.
You shoot a sling bullet. The sling bullet hits Sigmund!
Sigmund is almost dead.
Natasha mumbles some strange words.
Sigmund barely misses you.
You shoot a sling bullet. The sling bullet barely misses Sigmund.
Sigmund closely misses you.
Natasha wildly gestures.
Natasha shimmers violently.
Natasha casts a spell at you. The magic dart hits you.
You shoot a sling bullet.
The sling bullet closely misses Sigmund.
Sigmund casts a spell.
Sigmund flickers and vanishes!
Deactivating autopickup; reactivate with Ctrl-A.
You shoot a sling bullet. The sling bullet hits Natasha.
Natasha is lightly wounded.
Something hits you.
You shoot a sling bullet. The sling bullet hits Natasha.
Natasha is heavily wounded.
A magic dart appears from out of thin air!
The magic dart hits you!
Natasha mumbles some strange words.
You feel troubled. Something hits you!
You die...

#......#...
.........+.......##. #
#..#..#<.#..........
#.#..#..#..#.......##.
###'#.....#..#.......##.
..........#....##.......
......5h(.#..#.##....##.
..........#.............
.......@................
.......#..#.##..........
.....{.#..#.#####.##.#..
.......#..#.# #.##.#..
.......#..#.#####.##.#..
...............##'##....
.......#..#.#...........
.......#..#.............
#...........#.#..


You could see Natasha and a cerulean imp (summoned).

Vanquished Creatures
  Natasha (twice) (D:2)
  An adder (D:2)
  A worm (D:2)
  A dart slug (D:1)
  4 endoplasms
  A giant cockroach (D:1)
  5 goblins (D:1)
  3 hobgoblins
  9 jackals (D:1)
  A kobold (D:1)
  4 ball pythons
  2 bats (D:1)
  2 frilled lizards (D:1)
  6 rats
42 creatures vanquished.

Notes
Turn   | Place    | Note
-------+----------+-------------------------------------------
     0 | D:1      | qw the Minotaur Hexslinger began the quest for the Orb.
     0 | D:1      | Reached XP level 1. HP: 16/16 MP: 1/1
     0 | D:1      | 0 ||| qw: Version: 0.3-a-52-g30416fa
     0 | D:1      | 0 ||| qw: Game counter: 4609
     0 | D:1      | 0 ||| qw: Melee chars always use a shield: true
     0 | D:1      | 0 ||| qw: God list: Okawaru
     0 | D:1      | 0 ||| qw: Allow faded altars: false
     0 | D:1      | 0 ||| qw: Do Orc after clearing Dungeon:15 true
     0 | D:1      | 0 ||| qw: Do second Lair branch before Depths: true
     0 | D:1      | 0 ||| qw: Lair rune preference: random
     0 | D:1      | 0 ||| qw: Goals: Normal
     0 | D:1      | 0 ||| PLANNING D:1-11
    44 | D:1      | Reached skill level 3 in Ranged Weapons
    46 | D:1      | Reached XP level 2. HP: 19/23 MP: 2/2
   233 | D:1      | 233 ||| FLEEEEING.
   254 | D:1      | Reached XP level 3. HP: 28/29 MP: 3/3
   547 | D:1      | 547 ||| UPGRADING to +0 leather armour.
   557 | D:1      | 557 ||| DROPPING +0 robe.
   558 | D:1      | 558 ||| UPGRADING to +0 pair of gloves.
   563 | D:1      | 563 ||| UPGRADING to +2 robe of positive energy.
   573 | D:1      | 573 ||| DROPPING +0 leather armour.
   574 | D:1      | 574 ||| READING scroll labelled UNIYSI OR DELO.
   578 | D:1      | 578 ||| READING scroll labelled TYOTEU XECOI.
   579 | D:1      | 579 ||| READING scroll labelled CARORIOTAI.
   580 | D:1      | 580 ||| READING scroll labelled SANUBL XAPI.
   581 | D:1      | 581 ||| DRINKING 2 green potions.
   582 | D:1      | 582 ||| DRINKING 2 fizzy blue potions.
   583 | D:1      | 583 ||| DROPPING scroll of poison.
   584 | D:1      | 584 ||| DROPPING potion of attraction.
   739 | D:2      | Reached skill level 4 in Ranged Weapons
   825 | D:2      | Noticed Natasha
   833 | D:2      | Killed Natasha
   834 | D:2      | Reached XP level 4. HP: 36/36 MP: 4/4
   964 | D:2      | Noticed Natasha
   974 | D:2      | Killed Natasha
   975 | D:2      | Reached skill level 5 in Ranged Weapons
  1030 | D:2      | Noticed Sigmund
  1037 | D:2      | Noticed Natasha
  1043 | D:2      | HP: 5/36 [something/magic dart (7)]
  1043 | D:2      | Slain by Sigmund

Levels and vault maps discovered:
D:1:      sevenhm_arrival_forest_fort_small_4, layout_rooms
D:2:      layout_basic, corexii_item_surrounded_by_moat, uniq_natasha,
          uniq_sigmund

Skill      XL: |  1  2  3  4 |
---------------+-------------+-----
Ranged Weapons | 3 4 5 |  5.1
Fighting       | 2 |  2.0
Dodging        | |  2.1
Spellcasting   | |  1.0
Hexes          | |  2.0

Action                     |  1- 3 |  4- 6 || total
---------------------------+-------+-------++-------
   Fire: Sling             |    92 |    34 ||   126
    Use: Scroll            |     4 |       ||     4
         Potion            |     2 |       ||     2
 Armour: Robe              |     4 |     1 ||     5
  Dodge: Dodged            |    24 |    10 ||    34

Table legend:
 A = Non-vault XP
 B = Vault XP
 C = Vault XP percentage of total XP
 D = Non-vault monster count
 E = Vault monster count
 F = Vault count percentage of total count
                 A         B        C        D         E       F
            +---------+---------+-------+---------+---------+-------
      Total |     120 |      35 |  22.6 |      41 |       1 |   2.4
            +---------+---------+-------+---------+---------+-------
        D:1 |      53 |       0 |   0.0 |      30 |       0 |   0.0
        D:2 |      67 |      35 |  34.3 |      11 |       1 |   8.3
            +---------+---------+-------+---------+---------+-------
